Map: Darkness Sanctuary LE

Players

Nerchio - Winner!

  • Race: Zerg Zerg
  • Spawn Location: 7:00

Scarlett

  • Race: Zerg Zerg
  • Spawn Location: 1:00

Event: WCS Austin 2018

VOD

Have the link to the VOD?

Description

Time

  • Played on: June 2, 2018, 4:30 p.m.
  • Length: 15:24

All games in this series

Show
View Real Time Build Order
Export as new Build Order

Nerchio Zerg - Winner!

Build Orders: Hatch First, Muta Ling Bane 

Get SALT Encoding   

  12  0:00  Drone  
  13  0:13  Overlord  
  13  0:16  Drone  
  14  0:31  Drone x2  
  14  0:34  Drone  
  17  0:52  Hatchery  
  17  0:55  Drone  
  17  0:58  Drone  
  18  1:06  Extractor  
  17  1:13  Spawning Pool  
  17  1:17  Drone  
  17  1:19  Drone  
  18  1:28  Drone  
  19  1:39  Overlord  
  19  1:50  Drone  
  20  1:59  Queen  
  20  2:00  Zergling x2  
  23  2:06  Queen  
  23  2:07  Metabolic Boost  
  25  2:08  Zergling x2  
  25  2:11  Zergling x2  
  27  2:15  Drone  
  27  2:22  Drone  
  29  2:26  Baneling Nest  
  29  2:27  Drone  
  29  2:33  Drone  
  30  2:38  Queen  
  30  2:42  Drone  
  33  2:46  Overlord  
  33  2:50  Drone  
  34  2:54  Drone  
  35  3:11  Drone  
  35  3:12  Drone  
  37  3:13  Hatchery  
  37  3:15  Drone  
  37  3:16  Drone  
  38  3:21  Zergling x2  
  38  3:24  Overlord  
  38  3:26  Drone  
  40  3:28  Drone  
  41  3:34  Lair  
  41  3:38  Overlord  
  41  3:41  Drone  
  41  3:42  Drone  
  41  3:46  Drone  
  41  3:48  Drone  
  44  3:49  Drone  
  44  3:50  Drone  
  44  3:55  Extractor  
  45  3:56  Queen  
  47  4:10  Drone x5  
  47  4:12  Overlord  
  51  4:18  Extractor  
  51  4:21  Overlord, Evolution Chamber  
  49  4:24  Drone  
  49  4:25  Drone x3  
  49  4:28  Baneling x2  
  53  4:33  Zergling x6  
  53  4:36  Zergling x2  
  57  4:39  Zergling x4  
  59  4:46  Zergling x2  
  59  4:47  Zerg Melee Weapons Level 1  
  59  4:48  Zergling x4  
  62  4:56  Spire  
  62  4:58  Drone x2  
  62  4:59  Drone  
  64  5:00  Drone x2  
  64  5:03  Drone x2  
  64  5:06  Overlord  
  65  5:16  Zergling x8  
  65  5:20  Drone x2  
  65  5:21  Drone  
  70  5:23  Extractor  
  69  5:29  Drone x4  
  69  5:30  Drone  
  69  5:31  Drone  
  69  5:34  Zergling x6  
  78  5:40  Baneling x2, Zergling x2  
  78  5:42  Zergling x2  
  78  5:45  Zergling x2  
  78  5:47  Queen  
  81  5:53  Baneling x5  
  81  5:54  Overlord  
  81  5:56  Queen  
  82  6:01  Zergling x2  
  82  6:02  Zergling x2  
  81  6:06  Overlord  
  81  6:10  Zergling x12  
  79  6:11  Zergling x2  
  79  6:12  Zergling x2  
  79  6:15  Baneling x3  
  79  6:16  Zergling x2  
  79  6:17  Baneling x2  
  82  6:21  Zergling x2  
  82  6:24  Zergling x2  
  83  6:26  Baneling x2  
  83  6:27  Zergling x2  
  83  6:32  Zergling x2  
  85  6:36  Zergling x2  
  85  6:37  Zergling x2  
  87  6:41  Zerg Ground Armor Level 1  
  87  6:42  Baneling  
  87  6:43  Baneling x3  
  87  6:45  Zergling x2  
  87  6:46  Zergling x2  
  89  6:48  Zergling x2  
  89  6:49  Zergling x4  
  89  6:51  Zergling x2  
  86  6:56  Queen x2  
  86  7:00  Zergling x6  
  84  7:01  Queen  
  84  7:06  Zergling x4  
  84  7:08  Baneling x6  
  87  7:09  Zergling x2  
  87  7:10  Zergling x2  
  87  7:12  Zergling x2  
  87  7:15  Zergling x4  
  91  7:17  Zergling x2  
  91  7:19  Zergling x2  
  91  7:20  Zergling x2  
  88  7:25  Centrifical Hooks  
  83  7:30  Zergling x6  
  86  7:39  Mutalisk  
  86  7:40  Mutalisk  
  86  7:43  Mutalisk  
  94  7:45  Baneling x3  
  94  7:47  Mutalisk  
  94  7:50  Mutalisk  
  96  7:54  Overlord  
  91  8:00  Baneling x6  
  91  8:04  Zergling x4  
  92  8:07  Mutalisk  
  89  8:15  Hatchery  
  89  8:17  Zergling x4  
  85  8:20  Baneling x3, Zergling x2  
  85  8:22  Zergling x2  
  85  8:25  Mutalisk  
  89  8:28  Mutalisk  
  91  8:38  Mutalisk  
  91  8:39  Mutalisk  
  91  8:41  Mutalisk  
  95  8:44  Overlord  
  97  8:49  Mutalisk  
  97  8:54  Zergling x2  
  97  8:55  Zergling x2  
  98  9:01  Zergling x2  
  93  9:05  Mutalisk x2  
  95  9:12  Baneling x3  
  95  9:20  Hatchery  
  95  9:22  Zergling x2  
  95  9:24  Zergling x2  
  95  9:30  Mutalisk  
  95  9:31  Mutalisk  
  94  9:39  Mutalisk  
  92  9:47  Drone  
  92  9:48  Drone x5  
  96  9:53  Baneling x5  
  96  9:55  Zergling x2  
  96  9:58  Zergling x2  
  98  10:01  Zergling x2  
  98  10:03  Baneling x2  
  99  10:07  Zergling x2  
  99  10:08  Zergling x2  
  99  10:11  Zergling x2  
  102  10:15  Zerg Melee Weapons Level 2  
  102  10:19  Zergling x2  
  102  10:21  Zergling x2  
  104  10:22  Baneling  
  104  10:23  Baneling  
  104  10:28  Zergling x4  
  103  10:37  Zergling x2  
  103  10:38  Zergling x8  
  103  10:42  Zergling x4  
  110  10:48  Mutalisk  
  110  10:49  Mutalisk  
  113  10:53  Mutalisk  
  112  10:57  Zergling x4  
  112  11:02  Overlord  
  112  11:03  Overlord  
  112  11:04  Overlord  
  113  11:08  Overlord  
  113  11:10  Baneling x5  
  113  11:11  Baneling  
  113  11:18  Overlord  
  113  11:25  Infestation Pit, Zergling x2  
  113  11:26  Zergling x10  
  113  11:27  Baneling x2  
  113  11:28  Baneling  
  113  11:31  Baneling x2  
  113  11:32  Baneling x3  
  118  11:38  Roach Warren  
  97  11:57  Zergling x4  
  97  11:58  Zergling x2  
  97  11:59  Extractor, Zergling x18  
  97  12:00  Extractor  
  99  12:12  Hive  
  99  12:15  Zergling x12  
  96  12:19  Drone  
  96  12:20  Drone  
  96  12:22  Overseer  
  95  12:23  Glial Reconstitution  
  95  12:24  Drone  
  95  12:29  Drone  
  97  12:31  Drone  
  97  12:32  Zerg Missile Weapons Level 1  
  97  12:35  Drone  
  99  12:40  Overseer, Drone  
  99  12:42  Drone x4  
  99  12:43  Baneling x3  
  104  12:46  Drone  
  105  12:55  Roach x2  
  108  13:08  Hydralisk Den  
  108  13:12  Drone x7  
  114  13:23  Baneling x2  
  114  13:24  Baneling x3  
  114  13:25  Roach x2  
  122  13:27  Roach x2  
  122  13:28  Roach x5  
  122  13:32  Roach  
  130  13:34  Roach  
  130  13:38  Roach  
  130  13:40  Roach x2  
  130  13:41  Roach  
  136  13:43  Roach  
  136  13:44  Roach  
  136  13:47  Baneling x3  
  140  13:53  Roach x2  
  144  13:59  Roach  
  144  14:01  Roach x3  
  151  14:03  Roach  
  151  14:08  Roach x2  
  151  14:09  Roach  
  153  14:11  Baneling  
  153  14:12  Baneling x4  
  153  14:15  Baneling  
  153  14:16  Baneling x2  
  152  14:23  Baneling x7  
  146  14:26  Overlord x2  
  146  14:38  Roach x6  
  145  14:41  Roach  
  145  14:44  Roach  
  136  14:46  Roach  
  136  14:48  Roach  
  136  14:49  Zergling x2  
  134  14:53  Roach  
  134  14:55  Ravager x2  
  134  14:56  Ravager x2  
  140  15:01  Zergling x2  
  140  15:03  Ravager x2  
  140  15:06  Zergling x4  
Show
View Real Time Build Order
Export as new Build Order

Scarlett Zerg 

Build Orders: Hatch First 

Get SALT Encoding   

  12  0:00  Drone  
  13  0:12  Overlord  
  13  0:17  Drone  
  14  0:30  Drone x2  
  16  0:50  Hatchery  
  16  0:51  Drone  
  16  0:54  Drone  
  17  0:58  Drone  
  18  1:06  Extractor  
  17  1:13  Spawning Pool  
  17  1:17  Drone  
  17  1:20  Drone  
  18  1:28  Drone  
  19  1:38  Drone  
  20  1:49  Overlord  
  20  1:59  Queen  
  22  2:01  Queen  
  22  2:02  Drone  
  22  2:03  Zergling x2  
  22  2:06  Metabolic Boost  
  26  2:10  Drone  
  26  2:13  Zergling x2  
  28  2:28  Drone x2  
  30  2:37  Drone x2  
  30  2:39  Queen  
  34  2:50  Hatchery  
  33  2:51  Overlord  
  33  2:58  Drone x2  
  35  3:03  Drone  
  36  3:10  Drone x5  
  41  3:14  Drone  
  41  3:15  Drone  
  41  3:19  Evolution Chamber  
  42  3:25  Overlord  
  42  3:27  Zergling x2  
  43  3:31  Overlord  
  43  3:36  Zergling x2  
  44  3:43  Drone  
  44  3:45  Zerg Ground Armor Level 1  
  45  3:48  Zergling x6  
  45  3:49  Drone  
  45  3:50  Drone  
  45  3:51  Baneling Nest  
  49  3:56  Drone x3  
  52  4:08  Drone x3  
  55  4:16  Evolution Chamber  
  54  4:24  Drone x6  
  54  4:25  Drone x3  
  54  4:29  Overlord, Queen  
  65  4:33  Overlord  
  65  4:34  Overlord  
  65  4:36  Baneling  
  65  4:41  Drone  
  65  4:44  Zerg Melee Weapons Level 1  
  66  4:52  Hatchery, Drone x2  
  68  4:53  Zergling x10  
  68  4:55  Extractor  
  68  4:59  Zergling x4  
  73  5:02  Overlord  
  73  5:06  Drone x3  
  76  5:08  Overlord  
  75  5:18  Zergling x4  
  75  5:19  Zergling x2  
  75  5:20  Baneling x4  
  76  5:22  Zergling x4  
  76  5:25  Baneling  
  76  5:26  Zergling x2  
  79  5:32  Zergling x10  
  79  5:35  Overlord, Extractor  
  83  5:37  Baneling x2  
  83  5:40  Zergling x12  
  88  5:47  Zergling x4  
  90  5:51  Lair  
  89  6:03  Zergling x2  
  89  6:04  Zergling x16  
  95  6:10  Zergling x10  
  95  6:16  Overlord  
  95  6:18  Zergling x4  
  97  6:19  Baneling x6  
  97  6:24  Zergling x6  
  97  6:25  Roach Warren  
  94  6:28  Hatchery, Zergling x2  
  94  6:29  Queen  
  94  6:30  Zergling x12  
  94  6:31  Baneling x4  
  103  6:39  Zergling x8  
  95  6:56  Zergling x2  
  95  6:57  Zergling x16  
  95  7:00  Zergling x12  
  84  7:09  Zergling x4  
  84  7:14  Zerg Melee Weapons Level 2  
  79  7:22  Zergling x2  
  76  7:23  Zergling x12  
  76  7:28  Drone  
  76  7:29  Drone x5  
  86  7:33  Zerg Ground Armor Level 2  
  86  7:34  Queen  
  88  7:37  Drone  
  88  7:39  Baneling  
  88  7:40  Overlord  
  89  7:47  Zergling x14  
  96  7:54  Baneling x3, Drone  
  96  7:55  Drone  
  96  7:57  Baneling  
  90  8:08  Zergling x8  
  90  8:09  Zergling x2  
  83  8:14  Drone x3  
  83  8:16  Drone x3  
  83  8:17  Queen  
  89  8:25  Hatchery  
  87  8:34  Queen x2  
  90  8:41  Spore Crawler  
  90  8:42  Queen  
  90  8:44  Drone x3  
  90  8:45  Drone x2  
  96  8:54  Drone x2  
  96  8:55  Drone x6  
  92  8:59  Zergling x6  
  85  9:03  Zergling x6  
  83  9:13  Spore Crawler x2, Queen  
  83  9:18  Queen  
  85  9:25  Baneling x2  
  77  9:34  Drone x4  
  77  9:37  Drone x2  
  77  9:38  Drone, Queen x2  
  83  9:44  Extractor  
  79  9:46  Infestation Pit  
  79  9:47  Centrifical Hooks  
  79  9:50  Drone x3  
  79  9:51  Drone  
  79  9:52  Drone x2  
  84  10:02  Extractor  
  84  10:05  Zergling x20  
  92  10:17  Extractor  
  92  10:20  Zergling x16  
  99  10:23  Pathogen Glands  
  99  10:27  Spore Crawler  
  96  10:32  Spore Crawler  
  87  10:37  Zergling x10  
  91  10:44  Drone x3  
  91  10:47  Spore Crawler  
  85  10:51  Infestor x3  
  85  10:52  Zergling x6  
  85  10:57  Zergling x2  
  85  10:58  Zergling x2  
  85  11:00  Queen x3  
  93  11:04  Infestor  
  95  11:15  Infestor  
  95  11:17  Drone x2  
  95  11:18  Drone  
  100  11:23  Extractor  
  99  11:28  Infestor  
  99  11:29  Overlord  
  101  11:35  Queen  
  103  11:47  Queen x2  
  103  11:50  Infestor  
  103  11:51  Infestor, Zergling x2  
  112  11:55  Baneling  
  112  11:59  Baneling x2  
  109  12:05  Drone x2  
  102  12:11  Zergling x2  
  102  12:12  Drone x3, Zergling x6  
  106  12:20  Overlord x2  
  106  12:25  Hive  
  106  12:29  Burrow  
  106  12:32  Overlord  
  106  12:35  Hatchery  
  105  12:37  Overlord  
  105  12:38  Overlord x4  
  105  12:44  Infestor  
  105  12:47  Spore Crawler  
  106  12:52  Infestor x2  
  106  12:58  Zergling x8  
  114  13:05  Zergling x16  
  121  13:12  Baneling x9  
  121  13:18  Hatchery  
  121  13:19  Infestor  
  122  13:21  Overlord  
  122  13:22  Zergling x4  
  122  13:25  Infestor x12  
  123  13:34  Infestor  
  123  13:37  Zergling x18  
  123  13:39  Unknown  
  134  13:46  Baneling x12  
  134  13:51  Zergling x2  
  134  13:52  Zergling x6  
  137  14:04  Zergling x2  
  137  14:05  Zergling x14  
  120  14:12  Baneling, Zergling x6  
  120  14:13  Baneling  
  121  14:23  Infestor x2  
  112  14:27  Infestor  
  93  14:39  Unknown  
  93  14:40  Unknown x2, Zergling x2  
  93  14:41  Zergling x12  
  88  14:46  Zergling x2  
  81  14:54  Unknown  
  81  14:56  Baneling, Zergling x2  
  84  15:05  Zergling x8  
  84  15:07  Baneling x2  
Tags
 
Add a new tag
Caveats
  • Supply blocks, unpowered buildings, or Contaminate may cause inaccurate times.
  • Supply counts are checked every 10 seconds.